 Dungeon Crawl Stone Soup version 0.19.1-1-g22dce08 (webtiles) character file.

49 Jerry the Slasher (level 3, -5/19 HPs)
             Began as a Vine Stalker Gladiator on Jan 3, 2017.
             Slain by Natasha (8 damage)
             ... on level 2 of the Dungeon.
             The game lasted 00:01:50 (809 turns).

Jerry the Slasher (Vine Stalker Gladiator)           Turns: 809, Time: 00:01:50

Health: -5/19      AC:  4    Str: 17    XL:     3   Next: 75%
Magic:  0/4        EV: 13    Int:  8    God:
Gold:   36         SH:  0    Dex: 15    Spells: 0 memorised, 2 levels left

rFire  + . .     SeeInvis .     a - +0 long sword
rCold  . . .     Gourm    .     b - +0 leather armour
rNeg   . . .     Faith    .     (no shield)
rPois  .         Spirit   +     c - +0 helmet
rElec  .         Reflect  .     (no cloak)
rCorr  .         Harm     .     (no gloves)
MR     +....                    (no boots)
Stlth  +.........               i - amulet of regeneration
                                l - ring of protection from fire
                                k - ring of protection from magic

@: no status effects
A: fangs 2, magic shield, antimagic bite, no device heal 3, rot immunity
a: no special abilities


You were on level 2 of the Dungeon.
You were not hungry.

You visited 1 branch of the dungeon, and saw 2 of its levels.

You collected 36 gold pieces.

Inventory:

Hand Weapons
 a - a +0 long sword (weapon)
Missiles
 d - 3 throwing nets (quivered)
Armour
 b - a +0 leather armour (worn)
 c - a +0 helmet (worn)
Jewellery
 i - an amulet of regeneration (around neck)
 k - a ring of protection from magic (left hand)
 l - a ring of protection from fire (right hand)
Scrolls
 e - 4 scrolls of identify {unknown}
 n - a scroll of remove curse {unknown}
Potions
 h - 2 potions of invisibility {unknown}
 j - a potion of heal wounds {unknown}
 m - 2 potions of magic {unknown}
Comestibles
 f - 2 bread rations
 g - 13 chunks of flesh


   Skills:
 + Level 2.3 Fighting
 + Level 3.2 Long Blades
 - Level 1.7 Throwing
 + Level 0.4 Armour
 + Level 2.9 Dodging


You had 2 spell levels left.
You didn't know any spells.

Dungeon Overview and Level Annotations

Branches:
Dungeon (2/15)

Altars:

Annotations:
D:2 Natasha


Innate Abilities, Weirdness & Mutations

You have extremely sharp teeth.
When hurt, damage is shared between your health and your magic reserves.
Your bite disrupts and absorbs the magic of your enemies.
Potions and wands cannot restore your health.
You are immune to rotting.


Message History

You miss Natasha. You bite Natasha.
Natasha's magic leaks into the air.
You drain her magic.
Natasha is lightly wounded.
The frilled lizard moves out of view.
Natasha barely misses you.
You hit Natasha.
Natasha is moderately wounded.
Natasha casts a spell at you. The magic dart hits you! Natasha claws you!
You hit Natasha.
Natasha is severely wounded.
Natasha claws you but does no damage.
You closely miss Natasha. Your bite misses Natasha.
Natasha is severely wounded.
Natasha claws you!
* * * LOW HITPOINT WARNING * * *
You are too injured to fight recklessly!
A quokka comes into view.
The quokka moves out of view.
Natasha claws you!
You die...

#.##......###Pā‰ˆā‰ˆā‰ˆā™£.##
#..... #.##.......#..P.P..#
#.....
#.##.....#.##..#.######.....
......#..........[.......
####..######..# ##...# .
#....## .. #.#...# ...
#@##..##.... #h##........
####l..........
...........###.##
######.#.#.# # #..%..#
.......# #........#
#.........


You could see Natasha and a frilled lizard.

Vanquished Creatures
  An adder (D:2)
  2 dart slugs
  3 leopard geckos
  2 giant cockroaches (D:2)
  6 goblins
  3 hobgoblins (D:1)
  4 bats (D:2)
  3 frilled lizards (D:1)
  4 kobolds
  3 rats
31 creatures vanquished.

Vanquished Creatures (others)
  A leopard gecko (D:1)
1 creature vanquished.

Grand Total: 32 creatures vanquished

Notes
Turn   | Place    | Note
-------+----------+-------------------------------------------
     0 | D:1      | Jerry the Vine Stalker Gladiator began the quest for the Orb.
     0 | D:1      | Reached XP level 1. HP: 11/11 MP: 2/2
    75 | D:1      | Reached skill level 3 in Long Blades
    75 | D:1      | Reached XP level 2. HP: 10/15 MP: 3/3
   673 | D:2      | Reached XP level 3. HP: 18/18 MP: 4/4
   795 | D:2      | Noticed Natasha
   809 | D:2      | Slain by Natasha

Skill      XL: |  1  2 |
---------------+-------+-----
Long Blades    | 3 |  3.2
Fighting       | 2 |  2.3
Throwing       | |  1.7
Armour         | |  0.4
Dodging        | |  2.9

Action                   || total
-------------------------++-------
Melee: Long sword        ||    70
       Bite              ||    17
Armor: Leather armour    ||    21
Dodge: Dodged            ||    54
       Rpst.: Long sword ||    21
